AoeStats
← Tomachela

Hideout

510207798Analyzed
1v1 RM · 3d ago on Sep 30, 2026· 29m 34s· 2 players
Game mode
Random Map
Map size
Tiny (2 player)
Population
200
Speed
Normal
Resources
Standard
Victory
Conquest
Starting age
Dark Age
Ending age
Imperial Age
RankedLock teamsTeams togetherTeam positionsShared explorationLock speedFull tech treeHidden civsTurbo modeCheats
Victory
Defeat
🇨🇱 Franks · Chile
620
+15
🇲🇽 Bulgarians · Mexico
594
-15
abe.anderman
2:36 Loom
12:10 Feudal Age
14:04 Horse Collar
21:38 Wheelbarrow
23:12 Double-Bit Axe
26:29 Castle Age
Tomachela
5:07 Loom
9:50 Feudal Age
10:55 Double-Bit Axe
17:18 Scale Barding Armor
17:23 Forging
20:45 Castle Age
20:43 Gold Mining
22:04 Wheelbarrow
22:13 Chain Barding Armor
30:03 Husbandry
Connection lost

Rejoining the realm…

Still unreachable

The connection could not be restored.

Session expired

The server has moved on; the page needs a fresh start.